 Dungeon Crawl Stone Soup version 0.19-a0-1896-g611e798 (console) character file.

34 Gottschkopf the Magician (level 3, -6/19 HPs)
             Began as a Deep Elf Fire Elementalist on Oct 19, 2016.
             Killed from afar by a white imp (10 damage)
             ... with a puff of frost
             ... summoned by Natasha
             ... on level 2 of the Dungeon.
             The game lasted 00:02:05 (1199 turns).

Gottschkopf the Magician (DEFE)                     Turns: 1199, Time: 00:02:06

Health: -6/19      AC:  2    Str:  5    XL:     3   Next: 14%
Magic:  3/11       EV: 13    Int: 20    God:
Gold:   130        SH:  0    Dex: 15    Spells: 3 memorised, 6 levels left

rFire  . . .     SeeInvis .     m - +2 dagger (venom)
rCold  . . .     Gourm    .     a - +0 robe
rNeg   . . .     Faith    .     (no shield)
rPois  .         Spirit   .     (no helmet)
rElec  .         Reflect  .     (no cloak)
rCorr  .         Harm     .     (no gloves)
MR     .....                    (no boots)
Stlth  ++........               (no amulet)
                                (no ring)
                                (no ring)

@: very slightly contaminated
A: no striking features
a: no special abilities


You were on level 2 of the Dungeon.
You were not hungry.

You visited 1 branch of the dungeon, and saw 2 of its levels.

You collected 130 gold pieces.

Inventory:

Hand Weapons
 m - a +2 dagger of venom (weapon)
Armour
 a - a +0 robe (worn)
 n - a +0 cloak
Wands
 q - a wand of polymorph (15/24)
Scrolls
 e - 2 scrolls of identify {unknown}
 f - 2 scrolls of remove curse {unknown}
 h - a scroll of teleportation {unknown}
 j - a scroll of amnesia {unknown}
 k - a scroll of fear {unknown}
 l - a scroll of random uselessness {unknown}
Potions
 g - a potion of curing {unknown}
 o - a potion of experience {unknown}
 p - a potion of might {unknown}
Books
 b - a book of Flames

   Spells                             Type                      Level
   a - Flame Tongue                   Conjuration/Fire             1
   b - Throw Flame                    Conjuration/Fire             2
   c - Conjure Flame                  Conjuration/Fire             3
   d - Inner Flame                    Hexes/Fire                   3
   e - Sticky Flame                   Conjuration/Fire             4
   f - Fireball                       Conjuration/Fire             5
Comestibles
 c - a bread ration
 d - a meat ration
 i - 8 chunks of flesh


   Skills:
 - Level 2.4 Dodging
 - Level 2.4 Stealth
 + Level 5.0 Spellcasting
 - Level 1.1 Conjurations
 - Level 3.2 Fire Magic


You had 6 spell levels left.
You knew the following spells:

 Your Spells              Type           Power        Failure   Level  Hunger
a - Flame Tongue          Conj/Fire      ##...        6%          1    None
b - Throw Flame           Conj/Fire      ##....       10%         2    None
c - Conjure Flame         Conj/Fire      ##......     17%         3    ##.....


Dungeon Overview and Level Annotations

Branches:
Dungeon (2/15)

Altars:

Annotations:
D:2 Natasha


Message History

Natasha claws you but does no damage.
Casting: Flame Tongue
Confirm with . or Enter, or press ? or * to list all spells.
Aiming: Flame Tongue
Press: ? - help, Shift-Dir - straight line, f/p - Natasha
Aim: Natasha (severely wounded)
The flame tongue misses Natasha.
Natasha claws you.
You closely miss Natasha.
Natasha is severely wounded.
The white imp grinds its teeth.
Natasha stares at you and mumbles some strange words.
The magic dart hits you!
You closely miss Natasha.
Natasha is severely wounded.
Natasha claws you.
* * * LOW HITPOINT WARNING * * *
The white imp gestures at you. The puff of frost hits you!
Ouch! That really hurt!
You die...

#.# #.# ####.. # #.#
#..... # #.###.#
#.....##.# #.....##
......#.# #.... ....#.#
###)... ##### #..5.##.#
##...... #...# #.h.##.#
#..####. #...#####
#@#..#.####.## ##
#.......###.#.........#
#...###..##.........###
#####
##.........##.#####
#.#.......##.....####
#.##..#.............#
#.###.....######.....
####.###.....# ####....
#............####....###


You could see Natasha and a white imp.

Vanquished Creatures
  A worm (D:2)
  4 dart slugs
  A leopard gecko (D:1)
  4 goblins
  3 hobgoblins
  5 bats (D:1)
  A frilled lizard (D:1)
  A kobold (D:1)
  3 rats
23 creatures vanquished.

Notes
Turn   | Place    | Note
-------+----------+-------------------------------------------
     0 | D:1      | Gottschkopf the Deep Elf Fire Elementalist began the quest for the Orb.
     0 | D:1      | Reached XP level 1. HP: 10/10 MP: 6/6
   258 | D:1      | Reached skill level 4 in Spellcasting
   258 | D:1      | Reached XP level 2. HP: 15/15 MP: 5/9
   262 | D:1      | Learned a level 2 spell: Throw Flame
  1048 | D:2      | Reached XP level 3. HP: 19/19 MP: 9/11
  1053 | D:2      | Learned a level 3 spell: Conjure Flame
  1130 | D:2      | Reached skill level 5 in Spellcasting
  1191 | D:2      | Noticed Natasha
  1199 | D:2      | Killed from afar by a white imp

Vault maps used:
D:1:      eino_arrival_cavern_b, serial_park_tiny_1, bh_walls_and_bars
D:2:      kennysheep_generic_room_13, uniq_sigmund, uniq_natasha

Skill      XL: |  1  2  3 |
---------------+----------+-----
Spellcasting   | 4 5 |  5.0
Dodging        | |  2.4
Stealth        | |  2.4
Conjurations   | |  1.1
Fire Magic     | |  3.2

Action                   || total
-------------------------++-------
Melee: Unarmed           ||     1
       Dagger            ||     2
 Cast: Flame Tongue      ||    41
       Throw Flame       ||     2
 Stab: Sleeping          ||     1
  Eat: Chunk             ||     1
Armor: Robe              ||     2
Dodge: Dodged            ||     6
